 Dungeon Crawl Stone Soup version 0.29.1-15-g9cfb28693d (webtiles) character file.

Game seed: 5902366123428496935

156 M4edhros the Trooper (level 5, -3/37 HPs)
             Began as an Octopode Chaos Knight on Mar 3, 2023.
             Was a Plaything of Xom.
             Slain by an orc priest
             ... wielding a +0 flail
              (5 damage)
             ... on level 4 of the Dungeon on Mar 4, 2023.
             The game lasted 00:04:11 (2926 turns).

M4edhros the Trooper (Octopode Chaos Knight)        Turns: 2926, Time: 00:04:11

Health: -3/37      AC:  5    Str: 16    XL:     5   Next: 37%
Magic:  5/5        EV: 14    Int: 14    God:    Xom [..*...]
Gold:   105        SH:  0    Dex: 17    Spells: 4/4 levels left

rFire   . . .      SeeInvis .   a - +0 mace (chaos)
rCold   . . .      Faith    .   (no shield)
rNeg    . . .      Spirit   .   i - +2 hood of the Assassin {Detection Stab+ Stlth++}
rPois   +          Reflect  .   (no amulet)
rElec   .          Harm     .   g - +6 ring of strength
rCorr   .          Rampage  .   (no ring)
Will    .....                   (no ring)
Stlth   ++++++....              (no ring)
HPRegen 0.12/turn               (no ring)
MPRegen 0.09/turn               (no ring)
                                (no ring)
                                (no ring)

@: on berserk cooldown, slowed, very slow
A: almost no armour, amphibious, 8 rings, camouflage 1, gelatinous body 1,
(nimble swimmer 1), tentacles, iridescent scales 1, agile 1, poison resistance
a: Renounce Religion


You were on level 4 of the Dungeon.
You worshipped Xom.
You were a toy of Xom.
You visited 1 branch of the dungeon, and saw 4 of its levels.

You collected 105 gold pieces.

Inventory:

Hand Weapons
 a - a +0 mace of chaos (weapon)
 e - a +1 long sword of holy wrath
Missiles
 d - 4 atropa-tipped darts
 j - 2 poisoned darts
Armour
 i - the +2 hood of the Assassin (worn) {Detection Stab+ Stlth++}
   (You acquired it on level 1 of the Dungeon)

   It allows the wearer to sense nearby creatures.
   It allows the wearer to make particularly effective stabbing attacks against
   helpless or unaware enemies with any weapon.
   Stlth:     It makes you much more stealthy.
Jewellery
 g - a +6 ring of strength (left tentacle)
Miscellaneous
 b - a piece from Xom's chessboard (15/15) (quivered)


   Skills:
 + Level 4.2 Fighting
 - Level 3.0 Maces & Flails
 + Level 3.8 Dodging
 * Level 3.6 Stealth


You had 4 spell levels left.
You didn't know any spells.
Your spell library contained the following spells:

 Spells                   Type           Power      Damage    Failure   Level
 Ignite Poison            Fire/Tmut/Pois 0%         N/A       65%         3
 Mephitic Cloud           Conj/Pois/Air  0%         N/A       65%         3
 Freezing Cloud           Conj/Ice/Air   0%         6-21      100%        5


Dungeon Overview and Level Annotations

Branches:
Dungeon (4/15)             Temple (0/1) D:4

Altars:

Annotations:
D:3 1 transporter, vvl's ghost, amateur DsEE


Innate Abilities, Weirdness & Mutations

You cannot wear most types of armour.
You are amphibious.
You can wear up to eight rings at the same time.
Your skin changes colour to match your surroundings (Stealth+).
Your rubbery body absorbs attacks. (AC +1, EV +1)
((You are camouflaged when in or above water. (Stealth+)))
You have tentacles for arms and can constrict up to eight enemies at once.
You are partially covered in iridescent scales. (AC +2)
You are agile. (Dex +4, Str/Int -1)
Your system is resistant to poisons. (rPois)


Message History

You aren't carrying any scrolls.
The orc priest shouts!
You hit the orc wizard but do no damage.
You squeeze the orc wizard, but do no damage.
The orc wizard is moderately wounded.
You constrict the orc wizard.
A ball python comes into view.
The orc wizard barely misses you.
The orc wizard casts a spell.
The orc wizard flickers and vanishes!
Deactivating autopickup; reactivate with Ctrl-A.
The ball python moves out of view.
You hit something.
Space warps around something!
Reactivating autopickup.
You feel a bit more experienced.
The orc priest hits you with a +0 flail.
Unknown command.
You completely miss the orc priest. Your grab misses the orc priest.
You squeeze the orc priest.
The orc priest is heavily wounded.
The orc priest hits you with a +0 flail!
* * * LOW HITPOINT WARNING * * *
You closely miss the orc priest. You grab the orc priest.
You squeeze the orc priest.
The orc priest is almost dead.
You constrict the orc priest, but do no damage.
The orc priest calls down the wrath of Beogh upon you.
Pain shoots through your body!
* * * LOW HITPOINT WARNING * * *
The orc priest hits you but does no damage.
The orc priest hits you with a +0 club.
* * * LOW HITPOINT WARNING * * *
The orc priest closely misses you.
You sock the orc priest!
The orc priest is poisoned.
You grab the orc priest.
The orc priest is severely wounded.
You constrict the orc priest.
You constrict the orc priest, but do no damage.
You kill the orc priest!
The orc priest hits you with a +0 flail.
You die...

############+#
#.............
#.............
#.............
#.............
#.............
#.........8.8.
#....>.....⌠.⌠
#....@)...8.>.
#....o###..⌠.⌠
+....)'...8.8.
##+###.....#.......
#.....######...#...
#.....# ...# .
#.....# ...#
#.....# ...#
#.....# ...#


You could see an orc priest.

Vanquished Creatures
  2 orc priests (D:4)
  3 orc wizards (D:4)
  An ufetubus (D:4)
  2 dart slugs
  An orc (D:4)
  3 endoplasms (D:1)
  A giant cockroach (D:1)
  3 goblins
  A hobgoblin (D:1)
  3 jackals (D:1)
  4 kobolds (D:1)
  4 quokkas (D:1)
  8 ball pythons (D:1)
  A bat (D:2)
  5 frilled lizards (D:1)
  A rat (D:1)
43 creatures vanquished.

Vanquished Creatures (others)
  A plant (D:1)
1 creature vanquished.

Grand Total: 44 creatures vanquished

Notes
Turn   | Place    | Note
-------+----------+-------------------------------------------
     0 | D:1      | M4edhros the Octopode Chaos Knight began the quest for the
                  | Orb.
     0 | D:1      | Reached XP level 1. HP: 16/16 MP: 1/1
    81 | D:1      | XOM: silly message
   252 | D:1      | Reached XP level 2. HP: 18/21 MP: 2/2
   379 | D:1      | XOM: silly message
   382 | D:1      | Found a faded altar of an unknown god.
   422 | D:1      | Reached XP level 3. HP: 12/26 MP: 3/3
   597 | D:1      | XOM: god gift: 4 atropa-tipped darts
   915 | D:1      | XOM: give mutations
   915 | D:1      | Gained mutation: You are partially covered in iridescent
                  | scales. (AC +2) [Xom's grace]
   915 | D:1      | Gained mutation: Your system is resistant to poisons.
                  | (rPois) [Xom's grace]
   915 | D:1      | Gained mutation: You are agile. (Dex +4, Str/Int -1) [Xom's
                  | grace]
  2071 | D:1      | XOM: silly message
  2522 | D:1      | XOM: god gift: scroll labelled LOSKEYSYNT {god gift}
  2524 | D:1      | Identified a scroll of acquirement
  2524 | D:1      | Acquired the +2 hood of the Assassin {Detection Stab+
                  | Stlth++}
  2524 | D:1      | Found the +2 hood of the Assassin {Detection Stab+ Stlth++}
  2740 | D:3      | Found a transporter.
  2740 | D:3      | Noticed vvl's ghost (amateur DsEE)
  2772 | D:4      | XOM: smoke on damage
  2775 | D:4      | HP: 2/40 [orc wizard/+0 dagger (4)]
  2777 | D:4      | Reached skill level 1 in Stealth
  2777 | D:4      | Reached XP level 4. HP: 3/33 MP: 4/4
  2779 | D:4      | Reached skill level 4 in Fighting
  2780 | D:4      | Reached XP level 5. HP: 4/37 MP: 5/5
  2906 | D:4      | Found a staircase to the Ecumenical Temple.
  2926 | D:4      | Slain by an orc priest

Illustrated notes

Levels and vault maps discovered:
D:1:      lemuel_arrival_behind_the_door_small, layout_rooms,
          shapermc_ecumenical_altar_mp_ritualfount, minmay_misc_feat_nine_boxes
D:2:      layout_basic
D:3:      layout_loops_ring, gammafunk_ghost_arena, minmay_misc_feat_encased
D:4:      layout_gridville, minmay_temple_entry_statues_fountains,
          nicolae_ossuary_entry_monument, kennysheep_orc_chapel

Skill      XL: |  1  2  3  4 |
---------------+-------------+-----
Dodging        | 3 |  3.8
Stealth        | 1 3 |  3.6
Fighting       | 4 |  4.2
Maces & Flails | |  3.0

Action                   |  1- 3 |  4- 6 || total
-------------------------+-------+-------++-------
Melee: Mace              |    68 |    12 ||    80
       Constrict         |    13 |     4 ||    17
       Tentacles         |     6 |     4 ||    10
  Use: Scroll            |     5 |       ||     5
       Potion            |     1 |     1 ||     2
 Stab: Sleeping          |     5 |       ||     5
Armor: Skin              |     6 |     1 ||     7
Dodge: Dodged            |    50 |     6 ||    56
